MID
KANNAPOLIS INTIMIDATORS @ BOWLING GREEN HOT RODS
08/26/2046
 
TOP OF THE 1ST
Kannapolis Intimidators batting - Pitching for Bowling Green Hot Rods : LHP Chris Polite
Pitching: LHP Chris Polite
Batting: RHB Josiah Wright 0-0: Ball
1-0: Swinging Strike
1-1: Fly out, F5 (Popup, 5L, EV 81.2 MPH)
Batting: RHB Mark Jones 0-0: Called Strike
0-1: Foul Ball, location: 2F
0-2: Strikes out swinging
Batting: SHB Ruben Velasco Jr. 0-0: Ball
1-0: Ball
2-0: Called Strike
2-1: Swinging Strike
2-2: Strikes out swinging
Top of the 1st over - 0 runs, 0 hits, 0 errors, 0 left on base; Kannapolis 0 - Bowling Green 0
BOTTOM OF THE 1ST
Bowling Green Hot Rods batting - Pitching for Kannapolis Intimidators : LHP Mark Sharrett
Pitching: LHP Mark Sharrett
Batting: RHB Kunizo Yanagisawa 0-0: Called Strike
0-1: Ball
1-1: Ball
2-1: Called Strike
2-2: Ball
3-2: Base on Balls
Batting: RHB Sesto Carpini 0-0: Called Strike
0-1: Foul Ball, location: 2F
0-2: Ball
1-2: Foul Ball, location: 2F
1-2: Ball
2-2: Grounds into double play, 3-6-1 (Groundball, 3, EV 79.4 MPH)
Batting: RHB Isaiah Easter 0-0: Called Strike
0-1: Foul Ball, location: 2F
0-2: Ball
1-2: SINGLE (Groundball, 6M, EV 77.5 MPH) (infield hit)
Batting: RHB Chris Thorson 0-0: Ball
1-0: Called Strike
1-1: Swinging Strike
1-2: Ball
2-2: Foul Ball, location: 2F
2-2: Ground out 4-3 (Groundball, 4, EV 91.2 MPH)
Bottom of the 1st over - 0 runs, 1 hit, 0 errors, 1 left on base; Kannapolis 0 - Bowling Green 0
TOP OF THE 2ND
Kannapolis Intimidators batting - Pitching for Bowling Green Hot Rods : LHP Chris Polite
Batting: RHB Vic Lucatero 0-0: Ground out 6-3 (Groundball, 56, EV 106.2 MPH)
Batting: LHB Robert Rauda 0-0: Ground out U3 (Groundball, 34, EV 75.6 MPH)
Batting: RHB Jeff Cox 0-0: Swinging Strike
0-1: Foul Ball, location: 2F
0-2: Strikes out looking
Top of the 2nd over - 0 runs, 0 hits, 0 errors, 0 left on base; Kannapolis 0 - Bowling Green 0
BOTTOM OF THE 2ND
Bowling Green Hot Rods batting - Pitching for Kannapolis Intimidators : LHP Mark Sharrett
Batting: RHB Azedine Kirui 0-0: Ball
1-0: Called Strike
1-1: Ball
2-1: SINGLE (Groundball, 56D, EV 106.2 MPH)
Batting: LHB Darryl Gonnella 0-0: Ball
1-0: Swinging Strike
1-1: Swinging Strike
1-2: Ball
2-2: Fly out, F8 (Flyball, 8RXD, EV 95.0 MPH)
Batting: RHB Jose Arriola 0-0: Ball
1-0: Ball
2-0: Fielders Choice at 2nd, 3-6 (Groundball, 34S, EV 82.5 MPH)
Batting: RHB Eric Waugaman 0-0: Called Strike
0-1: Ball
1-1: Ball
2-1: Ball
3-1: Called Strike
3-2: Foul Ball, location: 2F
3-2: Foul Ball, location: 2F
3-2: Ground out 5-3 (Groundball, 5L, EV 77.5 MPH)
Bottom of the 2nd over - 0 runs, 1 hit, 0 errors, 1 left on base; Kannapolis 0 - Bowling Green 0
TOP OF THE 3RD
Kannapolis Intimidators batting - Pitching for Bowling Green Hot Rods : LHP Chris Polite
Batting: SHB Matt Childers 0-0: Called Strike
0-1: Called Strike
0-2: SINGLE (Groundball, 56D, EV 100.0 MPH)
Batting: SHB Josh Conner 0-0: Ball
1-0: Ball
2-0: Called Strike
2-1: Foul Ball, location: 2F
2-2: Foul Ball, location: 2F
2-2: SINGLE (Groundball, 34, EV 95.0 MPH)
Matt Childers to second
Runner from 2nd tries for 3rd, SAFE, no throw by RF
Batting: RHB Tyrell Camp 0-0: Ball
1-0: Ball
2-0: DOUBLE (Line Drive, 78D, EV 99.4 MPH)
Matt Childers scores
Josh Conner to third
Runner from 3rd tries for Home, SAFE, throw by LF to home
Batting: RHB Josiah Wright 0-0: Ball
1-0: Ball
2-0: Foul Ball, location: 2F
2-1: Foul Ball, location: 2F
2-2: Ground out 4-3 (Groundball, 13, EV 85.6 MPH)
Tyrell Camp to third
Batting: RHB Mark Jones 0-0: Ball
1-0: Ball
2-0: Ball
3-0: Ground out 6-3 (Groundball, 6, EV 102.5 MPH)
Tyrell Camp scores
Batting: SHB Ruben Velasco Jr. 0-0: Ball
1-0: Ball
2-0: Ball
3-0: Base on Balls
Batting: RHB Vic Lucatero 0-0: Ball
1-0: SINGLE (Groundball, 56S, EV 71.2 MPH) (infield hit)
Ruben Velasco Jr. to second
Batting: LHB Robert Rauda 0-0: SINGLE (Groundball, 56D, EV 95.6 MPH)
Ruben Velasco Jr. to third
Vic Lucatero to second
Runner from 3rd tries for Home, SAFE, throw by LF to home
Batting: RHB Jeff Cox 0-0: Foul Ball, location: 2F
0-1: Ball
1-1: Foul Ball, location: 2F
1-2: Fly out, F3 (Line Drive, 34, EV 65.6 MPH)
Top of the 3rd over - 4 runs, 5 hits, 0 errors, 2 left on base; Kannapolis 4 - Bowling Green 0
BOTTOM OF THE 3RD
Bowling Green Hot Rods batting - Pitching for Kannapolis Intimidators : LHP Mark Sharrett
Batting: LHB Harris Vink 0-0: Ball
1-0: Ball
2-0: Fly out, F7 (Flyball, 7S, EV 89.4 MPH)
Batting: RHB Kunizo Yanagisawa 0-0: Ball
1-0: Foul Ball, location: 2F
1-1: Ground out 6-3 (Groundball, 6, EV 102.5 MPH)
Batting: RHB Sesto Carpini 0-0: Swinging Strike
0-1: Ball
1-1: Ball
2-1: Fly out, F7 (Line Drive, 7LS, EV 88.8 MPH)
Bottom of the 3rd over - 0 runs, 0 hits, 0 errors, 0 left on base; Kannapolis 4 - Bowling Green 0
TOP OF THE 4TH
Kannapolis Intimidators batting - Pitching for Bowling Green Hot Rods : LHP Chris Polite
Batting: SHB Matt Childers 0-0: Called Strike
0-1: Ball
1-1: DOUBLE (Groundball, 5L, EV 105.0 MPH)
Batting: SHB Josh Conner 0-0: Called Strike
0-1: Ball
1-1: Ground out 5-3 (Groundball, 5, EV 105.0 MPH)
Batting: RHB Tyrell Camp 0-0: SINGLE (Flyball, 4D, EV 88.1 MPH)
Matt Childers to third
Batting: RHB Josiah Wright 0-0: Ball
1-0: Ball
2-0: Ball
3-0: Called Strike
3-1: Fielders Choice at 2nd, 6-4 (Groundball, 6, EV 82.5 MPH)
Matt Childers scores
Batting: RHB Mark Jones 0-0: Called Strike
0-1: Ball
1-1: DOUBLE (Flyball, 8RXD, EV 95.6 MPH)
Josiah Wright to third
Runner from 3rd tries for Home, SAFE, no throw by CF
Pitching: RHP Takamori Sugahara
Batting: SHB Ruben Velasco Jr. 0-0: Called Strike
0-1: Ball
1-1: Foul Ball, location: 2F
1-2: Foul Ball, location: 2F
1-2: Foul Ball, location: 2F
1-2: Ball
2-2: Ground out 6-3 (Groundball, 6, EV 89.4 MPH)
Top of the 4th over - 2 runs, 3 hits, 0 errors, 1 left on base; Kannapolis 6 - Bowling Green 0
BOTTOM OF THE 4TH
Bowling Green Hot Rods batting - Pitching for Kannapolis Intimidators : LHP Mark Sharrett
Batting: RHB Isaiah Easter 0-0: Called Strike
0-1: Ball
1-1: Swinging Strike
1-2: Fly out, F9 (Line Drive, 9S, EV 86.2 MPH)
Batting: RHB Chris Thorson 0-0: SINGLE (Groundball, 6MD, EV 105.6 MPH)
Batting: RHB Azedine Kirui 0-0: Foul Ball, location: 2F
0-1: Ball
1-1: Ball
2-1: Foul Ball, location: 2F
2-2: Foul Ball, location: 2F
2-2: Ball
Chris Thorson steals 2nd base
3-2: Ground out 3-1 (Groundball, 13, EV 81.9 MPH)
Chris Thorson to third
Batting: LHB Darryl Gonnella 0-0: Foul Ball, location: 2F
0-1: Swinging Strike
0-2: Ball
1-2: Ball
2-2: Foul Ball, location: 2F
2-2: TRIPLE (Flyball, 9D, EV 97.5 MPH)
Chris Thorson scores
Batting: RHB Jose Arriola 0-0: Ground out 6-3 (Groundball, 6S, EV 91.9 MPH)
Bottom of the 4th over - 1 run, 2 hits, 0 errors, 1 left on base; Kannapolis 6 - Bowling Green 1
TOP OF THE 5TH
Kannapolis Intimidators batting - Pitching for Bowling Green Hot Rods : RHP Takamori Sugahara
Batting: RHB Vic Lucatero 0-0: Ball
1-0: SINGLE (Line Drive, 4M, EV 103.1 MPH)
Batting: LHB Robert Rauda 0-0: Ball
1-0: Called Strike
1-1: Swinging Strike
1-2: Foul Ball, location: 2F
1-2: Strikes out swinging
Batting: RHB Jeff Cox 0-0: Called Strike
0-1: Ball
1-1: Called Strike
1-2: Strikes out looking
Batting: SHB Matt Childers 0-0: Ball
1-0: Ball
2-0: Foul Ball, location: 2F
2-1: Ground out 4-3 (Groundball, 4, EV 94.4 MPH)
Top of the 5th over - 0 runs, 1 hit, 0 errors, 1 left on base; Kannapolis 6 - Bowling Green 1
BOTTOM OF THE 5TH
Bowling Green Hot Rods batting - Pitching for Kannapolis Intimidators : LHP Mark Sharrett
Batting: RHB Eric Waugaman 0-0: Ball
1-0: Fly out, F8 (Line Drive, 8LS, EV 95.6 MPH)
Batting: LHB Harris Vink 0-0: Called Strike
0-1: Ball
1-1: Swinging Strike
1-2: Foul Ball, location: 2F
1-2: Ball
2-2: Ground out 4-3 (Groundball, 4, EV 95.0 MPH)
Batting: RHB Kunizo Yanagisawa 0-0: Ball
1-0: Called Strike
1-1: SINGLE (Groundball, 6MD, EV 96.9 MPH)
Batting: RHB Sesto Carpini 0-0: Foul Ball, location: 2F
0-1: Ball
1-1: Foul Ball, location: 2F
1-2: Ball
2-2: SINGLE (Line Drive, 89M, EV 98.8 MPH)
Kunizo Yanagisawa to second
Pitching: RHP Ruben Vazquez
Batting: RHB Isaiah Easter 0-0: Ball
1-0: Foul Ball, location: 2F
1-1: Foul Ball, location: 2F
1-2: Foul Ball, location: 2F
1-2: Foul Ball, location: 2F
1-2: Ball
2-2: SINGLE (Groundball, 6MS, EV 69.4 MPH) (infield hit)
Kunizo Yanagisawa to third
Sesto Carpini to second
Batting: RHB Chris Thorson 0-0: Ball
1-0: Ball
2-0: Foul Ball, location: 2F
2-1: Ground out U3 (Groundball, 3, EV 108.8 MPH)
Bottom of the 5th over - 0 runs, 3 hits, 0 errors, 3 left on base; Kannapolis 6 - Bowling Green 1
TOP OF THE 6TH
Kannapolis Intimidators batting - Pitching for Bowling Green Hot Rods : RHP Takamori Sugahara
Batting: SHB Josh Conner 0-0: Called Strike
0-1: Foul Ball, location: 2F
0-2: Ball
1-2: Ball
2-2: Ball
3-2: Base on Balls
Batting: RHB Tyrell Camp 0-0: Ball
1-0: Ball
2-0: Fly out, F5 (Line Drive, 56, EV 69.4 MPH)
Batting: RHB Josiah Wright 0-0: Called Strike
0-1: Called Strike
0-2: Ball
1-2: Ball
2-2: Ball
3-2: Base on Balls
Josh Conner to second
Batting: RHB Mark Jones 0-0: Called Strike
0-1: Ball
1-1: Foul Ball, location: 2F
1-2: Strikes out swinging
Batting: SHB Ruben Velasco Jr. 0-0: Called Strike
0-1: Foul Ball, location: 2F
0-2: Ground out 4-3 (Groundball, 4, EV 86.9 MPH)
Top of the 6th over - 0 runs, 0 hits, 0 errors, 2 left on base; Kannapolis 6 - Bowling Green 1
BOTTOM OF THE 6TH
Bowling Green Hot Rods batting - Pitching for Kannapolis Intimidators : RHP Ruben Vazquez
Batting: RHB Azedine Kirui 0-0: Called Strike
0-1: Ball
1-1: Ball
2-1: SINGLE (Groundball, 6MD, EV 99.4 MPH)
Batting: LHB Darryl Gonnella 0-0: Ball
1-0: Ball
2-0: Called Strike
2-1: Foul Ball, location: 2F
2-2: Ball
3-2: Strikes out looking
Batting: RHB Jose Arriola 0-0: Fly out, F9 (Line Drive, 9S, EV 98.1 MPH)
Batting: RHB Eric Waugaman 0-0: Swinging Strike
0-1: Swinging Strike
0-2: Ball
1-2: Fielders Choice at 2nd, 5-4 (Groundball, 56, EV 88.1 MPH)
Bottom of the 6th over - 0 runs, 1 hit, 0 errors, 1 left on base; Kannapolis 6 - Bowling Green 1
TOP OF THE 7TH
Kannapolis Intimidators batting - Pitching for Bowling Green Hot Rods : RHP Takamori Sugahara
Batting: RHB Vic Lucatero 0-0: Called Strike
0-1: Ground out 4-3 (Groundball, 4, EV 88.8 MPH)
Batting: LHB Robert Rauda 0-0: Ball
1-0: Ground out 5-3 (Groundball, 5, EV 83.1 MPH)
Batting: RHB Jeff Cox 0-0: Foul Ball, location: 2F
0-1: Fly out, F9 (Flyball, 89M, EV 79.4 MPH)
Top of the 7th over - 0 runs, 0 hits, 0 errors, 0 left on base; Kannapolis 6 - Bowling Green 1
BOTTOM OF THE 7TH
Bowling Green Hot Rods batting - Pitching for Kannapolis Intimidators : RHP Ruben Vazquez
Batting: LHB Harris Vink 0-0: Ground out 5-3 (Groundball, 15, EV 91.9 MPH)
Batting: RHB Kunizo Yanagisawa 0-0: Called Strike
0-1: Ball
1-1: Ground out 6-3 (Groundball, 6, EV 107.5 MPH)
Batting: RHB Sesto Carpini 0-0: Ball
1-0: Ball
2-0: Ball
3-0: Called Strike
3-1: Foul Ball, location: 2F
3-2: Base on Balls
Batting: RHB Isaiah Easter 0-0: Fly out, F8 (Flyball, 8LXD, EV 91.2 MPH)
Bottom of the 7th over - 0 runs, 0 hits, 0 errors, 1 left on base; Kannapolis 6 - Bowling Green 1
TOP OF THE 8TH
Kannapolis Intimidators batting - Pitching for Bowling Green Hot Rods : RHP Takamori Sugahara
Batting: SHB Matt Childers 0-0: Swinging Strike
0-1: Swinging Strike
0-2: Foul Ball, location: 2F
0-2: Strikes out swinging
Pitching: RHP Kingo Tsutsumi
Batting: SHB Josh Conner 0-0: Ball
1-0: Ball
2-0: Ball
3-0: Base on Balls
Batting: RHB Tyrell Camp 0-0: Called Strike
0-1: Ball
1-1: 2-RUN HOME RUN (Flyball, 7D, EV 96.2 MPH), Distance : 359 ft
Pinch Hitting: SHB Jason Bresnahan 0-0: Foul Ball, location: 2F
0-1: Ground out 5-3 (Groundball, 5S, EV 69.4 MPH)
Batting: RHB Mark Jones 0-0: Ball
1-0: Ball
2-0: Called Strike
2-1: Fly out, F9 (Flyball, 89M, EV 93.1 MPH)
Top of the 8th over - 2 runs, 1 hit, 0 errors, 0 left on base; Kannapolis 8 - Bowling Green 1
BOTTOM OF THE 8TH
Bowling Green Hot Rods batting - Pitching for Kannapolis Intimidators : RHP Ruben Vazquez
Now at 2B: Jason Bresnahan
Batting: RHB Chris Thorson 0-0: Swinging Strike
0-1: Ball
1-1: Ball
2-1: Foul Ball, location: 2F
2-2: Ball
3-2: Foul Ball, location: 2F
3-2: Base on Balls
Batting: RHB Azedine Kirui 0-0: Ball
1-0: Called Strike
1-1: Ball
2-1: Ball
3-1: Base on Balls
Chris Thorson to second
Batting: LHB Darryl Gonnella 0-0: Fielders Choice at 2nd, 4-6 (Groundball, 4, EV 103.8 MPH)
Chris Thorson to third
Batting: RHB Jose Arriola 0-0: Called Strike
0-1: Ball
1-1: Foul Ball, location: 2F
1-2: Ball
2-2: Fielders Choice at 2nd, 4-6 (Groundball, 4, EV 111.2 MPH)
Chris Thorson scores
Pinch Hitting: LHB Jimmy Detrie 0-0: Ball
1-0: Ball
2-0: Ball
3-0: Base on Balls
Jose Arriola to second
Batting: LHB Harris Vink 0-0: Foul Ball, location: 2F
0-1: Ball
1-1: Swinging Strike
1-2: Strikes out swinging
Bottom of the 8th over - 1 run, 0 hits, 0 errors, 2 left on base; Kannapolis 8 - Bowling Green 2
TOP OF THE 9TH
Kannapolis Intimidators batting - Pitching for Bowling Green Hot Rods : RHP Kingo Tsutsumi
Now at SS: Dusty Camelli
Batting: SHB Ruben Velasco Jr. 0-0: Swinging Strike
0-1: Swinging Strike
0-2: Ball
1-2: Ball
2-2: Foul Ball, location: 2F
2-2: Foul Ball, location: 2F
2-2: Strikes out swinging
Batting: RHB Vic Lucatero 0-0: Ball
1-0: Ball
2-0: SINGLE (Groundball, 6D, EV 94.4 MPH)
Batting: LHB Robert Rauda 0-0: Called Strike
Vic Lucatero steals 2nd base
0-1: Called Strike
0-2: Strikes out swinging
Batting: RHB Jeff Cox 0-0: Called Strike
0-1: Swinging Strike
0-2: Ball
1-2: DOUBLE (Groundball, 5L, EV 105.6 MPH)
Vic Lucatero scores
Pinch Hitting: RHB Nick Kleckner 0-0: Ball
1-0: Ball
2-0: Ball
3-0: Base on Balls
Batting: SHB Josh Conner 0-0: Ball
1-0: Fielders Choice at 2nd, 5-4 (Groundball, 56, EV 103.8 MPH)
Top of the 9th over - 1 run, 2 hits, 0 errors, 2 left on base; Kannapolis 9 - Bowling Green 2
BOTTOM OF THE 9TH
Bowling Green Hot Rods batting - Pitching for Kannapolis Intimidators : RHP Ruben Vazquez
Now at 3B: Nick Kleckner
Batting: RHB Kunizo Yanagisawa 0-0: Called Strike
0-1: Called Strike
0-2: Strikes out swinging
Pitching: LHP Datu Callanta
Batting: RHB Sesto Carpini 0-0: Ball
1-0: Ball
2-0: Ground out 6-3 (Groundball, 6M, EV 90.0 MPH)
Batting: RHB Isaiah Easter 0-0: Ball
1-0: Foul Ball, location: 2F
1-1: Fly out, F5 (Line Drive, 56, EV 105.0 MPH)
Bottom of the 9th over - 0 runs, 0 hits, 0 errors, 0 left on base; Kannapolis 9 - Bowling Green 2
Tuesday, September 13th , 2022 - OOTP Baseball 23.7 Build 88